 Dungeon Crawl Stone Soup version 0.21-a0-1-gaf3b9a5 (webtiles) character file.

80 Gorglomux the Insei (level 4, 0/32 HPs)
             Began as a Barachi Transmuter on May 20, 2017.
             Slain by an adder (1 damage)
             ... on level 3 of the Dungeon.
             The game lasted 00:03:23 (1900 turns).

Gorglomux the Insei (Barachi Transmuter)            Turns: 1900, Time: 00:03:23

Health: 0/32       AC:  2    Str: 11    XL:     4   Next: 39%
Magic:  8/9        EV: 12    Int: 15    God:
Gold:   107        SH:  0    Dex: 12    Spells: 4/10 levels left

rFire    . . .     SeeInvis .     - Unarmed
rCold    . . .     Gourm    +   (no shield)
rNeg     . . .     Faith    .   b - +0 robe
rPois    .         Spirit   .   (no helmet)
rElec    .         Reflect  .   (no cloak)
rCorr    .         Harm     .   (no gloves)
MR       .....                  (no boots)
Stlth    +.........             g - amulet of the gourmand {Gourm, !d}
Regen    0.1/turn               i - ring of wizardry {Wiz+, !d}
MPRegen  0.2/turn               (no ring)

@: slow
A: +LOS, swims, slowness 1, strong legs 1
a: Hop


You were on level 3 of the Dungeon.
You were full.

You visited 1 branch of the dungeon, and saw 3 of its levels.

You collected 107 gold pieces.

Inventory:

Missiles
 a - 24 arrows
 u - a throwing net {=f, !d}
Armour
 b - a +0 robe (worn)
 e - a +0 pair of boots
   (You found it on level 1 of the Dungeon)
 q - a +0 pair of gloves
   (You found it on level 2 of the Dungeon)
Jewellery
 g - an amulet of the gourmand (around neck) {Gourm, !d}
   (You found it on level 1 of the Dungeon)
 i - a ring of wizardry (left hand) {Wiz+, !d}
   (You found it on level 1 of the Dungeon)
Scrolls
 k - a scroll of recharging {unknown}
 l - 2 scrolls of enchant weapon {unknown}
 m - a scroll of teleportation {unknown}
 o - 2 scrolls of amnesia {unknown}
 p - 3 scrolls of identify
 t - a scroll of remove curse {unknown}
Potions
 h - a potion of brilliance {unknown}
 n - a potion of curing {unknown}
 r - a potion of mutation {unknown}
 s - a potion of agility
 v - a potion of heal wounds {unknown}
Books
 c - a book of Changes
Comestibles
 d - a bread ration {@e1}
 f - 3 royal jellies
 j - 3 meat rations {@e2}


   Skills:
 - Level 1.2 Fighting
 - Level 2.1 Dodging
 + Level 4.1 Unarmed Combat
 * Level 3.5 Spellcasting
 + Level 2.9 Transmutations


You had 4 spell levels left.
You knew the following spells:

 Your Spells              Type           Power        Failure   Level  Hunger
a - Beastly Appendage     Tmut           ##....       2%          1    None
c - Spider Form           Tmut/Pois      #.........   12%         3    ###....
s - Sticks to Snakes      Tmut           ##......     3%          2    ##.....


Dungeon Overview and Level Annotations

Branches:
Dungeon (3/15)

Altars:
Ashenzari


Innate Abilities, Weirdness & Mutations

Shadows flee at your approach. (+LOS)
You can swim through water.
You cover ground slowly.
You can hop short distances.


Message History

You miss the adder. The adder bites you but does no damage.
An adder is nearby!
Unknown command.
You turn into a venomous arachnid creature.
Your +0 robe melds into your body.
The adder completely misses you.
You bite the adder!
The adder is poisoned.
The adder completely misses you. The adder closely misses you.
Unknown command.
You hit the adder.
You kill the adder!
Unknown command.
No target in view!
Unknown command.
No target in view!
You start resting.
Your transformation is almost over.
Your transformation has ended.
Your +0 robe unmelds from your body.
Unknown command.
You now have 107 gold pieces (gained 6).
v - a lumpy orange potion Unknown command.
Done exploring.
Unknown command.
You turn into a venomous arachnid creature.
Your +0 robe melds into your body.
Unknown command.
(D) Dungeon
Where to? (Enter - D:2, ? - help)
Your transformation is almost over.
There is a stone staircase leading down here.
You climb downwards.
A hobgoblin, 2 gnolls and 5 orcs come into view.
The orc shouts!
The hobgoblin shouts!
The orc wizard shouts!
The orc shouts!
The orc priest shouts!
Found two stone staircases leading down.
There is a stone staircase leading up here.
Unknown command.
Unknown command.
Put on which piece of jewellery? (? for menu, Esc to quit)
Okay, then.
You closely miss the orc.
The gnoll shouts!
An adder comes into view.
You hit the orc.
The orc is poisoned.
The orc wizard looks braver for a moment.
The orc closely misses you.
You hit the orc.
You kill the orc!
The orc hits you with a club.
A gnoll comes into view. It is wielding a spear.
The gnoll shouts!
You hit the orc but do no damage.
The orc is poisoned.
The gnoll moves out of view.
The gnoll throws a throwing net.
The throwing net hits you.
You become entangled in the net!
The orc closely misses you.
A rat comes into view.
Unknown command.
You can't do that while held in a net.
Unknown command.
You struggle against the net.
The hobgoblin completely misses you. The orc wizard hits you with a dagger.
The orc closely misses you.
The rat moves out of view.
The orc closely misses you.
Unknown command.
You struggle against the net.
Your transformation has ended.
Your +0 robe unmelds from your body.
The orc priest completely misses you. The orc wizard hits you with a dagger.
The hobgoblin hits you with a club. The orc hits you but does no damage.
The orc hits you with a club. The adder bites you but does no damage.
A gnoll comes into view. It is wielding a whip.
Unknown command.
You struggle against the net.
The gnoll shouts!
The gnoll moves out of view.
The orc wizard hits you with a dagger. The orc priest hits you with a war axe.
The adder closely misses you. The orc hits you but does no damage.
The hobgoblin barely misses you. The orc hits you but does no damage.
A frilled lizard comes into view.
Unknown command.
You shred the net and break free!
The frilled lizard hisses angrily.
The adder barely misses you.
The orc wizard gestures wildly while chanting.
The orc wizard seems to speed up.
The orc closely misses you.
The frilled lizard moves out of view.
The orc priest closely misses you. The hobgoblin hits you with a club.
* * * LOW HITPOINT WARNING * * *
The orc completely misses you.
Unknown command.
As you read the scroll labeled UNKEME TENOCU, it crumbles to dust.
It is a scroll of identify.
s - a potion of agility You kill the orc!
The orc wizard misses you. The adder closely misses you.
The orc closely misses you. The hobgoblin hits you with a club.
* * * LOW HITPOINT WARNING * * *
The adder bites you.
You die...

.... .# # .....
##.#.# .....
...#.# ......
....>#
.#.#..###....##
.......#......
###.........#
#......oo).##.#
#....g.g@o....#
#.#....g#S#####
#.g##. .# ...g
.. .# .r ##. .#
S #. .# #. .#
.. .# .. >#


You could see an orc priest, an orc wizard, 4 gnolls, an adder, an orc, a
hobgoblin, a ball python (wandering) and a rat.

Vanquished Creatures
  2 adders (D:2)
  An ooze (D:1)
  2 dart slugs (D:2)
  2 orcs (D:3)
  4 giant cockroaches
  6 goblins
  4 hobgoblins
  5 jackals
  7 bats
  3 frilled lizards (D:1)
  6 kobolds
  11 rats
53 creatures vanquished.

Vanquished Creatures (collateral kills)
  A rat (D:2)
1 creature vanquished.

Grand Total: 54 creatures vanquished

Notes
Turn   | Place    | Note
-------+----------+-------------------------------------------
     0 | D:1      | Gorglomux the Barachi Transmuter began the quest for the Orb.
     0 | D:1      | Reached XP level 1. HP: 15/15 MP: 3/3
    74 | D:1      | Reached XP level 2. HP: 10/21 MP: 3/5
   559 | D:1      | Learned a level 2 spell: Sticks to Snakes
   771 | D:1      | Reached XP level 3. HP: 26/26 MP: 6/6
  1273 | D:2      | Reached skill level 3 in Spellcasting
  1282 | D:2      | Learned a level 3 spell: Spider Form
  1310 | D:2      | Reached skill level 4 in Unarmed Combat
  1374 | D:2      | Reached XP level 4. HP: 32/32 MP: 4/8
  1624 | D:2      | Found a shattered altar of Ashenzari.
  1899 | D:3      | HP: 5/32 [hobgoblin/club (5)]
  1900 | D:3      | HP: 1/32 [hobgoblin/club (4)]
  1900 | D:3      | Slain by an adder

Vault maps used:
D:1:      dpeg_arrival_ratfight, kennysheep_small_spiral
D:2:      nicolae_ashenzari_panopticon, minmay_misc_feat_enclosed, minmay_tall_x
D:3:      first_bread, cheibrodos_gnoll_hut

Skill      XL: |  1  2  3 |
---------------+----------+-----
Spellcasting   | 3 |  3.5
Unarmed Combat | 4 |  4.1
Fighting       | |  1.2
Dodging        | |  2.1
Transmutations | |  2.9

Action                   |  1- 3 |  4- 6 || total
-------------------------+-------+-------++-------
Melee: Unarmed           |    93 |    30 ||   123
       Kick              |     9 |       ||     9
       Headbutt          |     1 |       ||     1
       Punch             |     1 |       ||     1
 Cast: Beastly Appendage |    22 |       ||    22
       Spider Form       |     2 |     8 ||    10
       Sticks to Snakes  |     2 |       ||     2
  Use: Scroll            |       |     1 ||     1
  Eat: Chunk             |     8 |     4 ||    12
Armor: Robe              |    21 |     6 ||    27
       Skin              |     4 |     3 ||     7
Dodge: Dodged            |    78 |    40 ||   118

Vault maps used:
D:1:      dpeg_arrival_ratfight, kennysheep_small_spiral
D:2:      nicolae_ashenzari_panopticon, minmay_misc_feat_enclosed, minmay_tall_x
D:3:      first_bread, cheibrodos_gnoll_hut

Table legend:
 A = Turns spent in this place as a percentage of turns spent in the entire game.
 B = Non-inter-level travel turns spent in this place as a percentage of non-inter-level travel turns spent in the entire game.
 C = Inter-level travel turns spent in this place as a percentage of turns spent in this place.
 D = Turns resting spent in this place as a percentage of non-inter-level travel turns spent in this place.
 E = Turns spent auto-exploring this place as a percentage of non-inter-level travel turns spent in this place.
 F = Non-inter-level travel turns spent in this place divided by the number of levels of this place that you've seen.
                   A       B       C       D       E      F
               +-------+-------+-------+-------+-------+----------------------
         Total | 100.0 | 100.0 |   0.3 |   1.6 |  10.5 | 228.3
       Dungeon | 100.0 | 100.0 |   0.3 |   1.6 |  10.5 | 228.3
               +-------+-------+-------+-------+-------+----------------------

Table legend:
 A = Kills in this place as a percentage of kills in entire the game.
 B = Kills by you in this place as a percentage of kills by you in the entire game.
 C = Kills by friends in this place as a percentage of kills by friends in the entire game.
 D = Other kills in this place as a percentage of other kills in the entire game.
 E = Experience gained in this place as a percentage of experience gained in the entire game.
 F = Experience gained in this place divided by the number of levels of this place that you have seen.
                   A       B       C       D       E      F
               +-------+-------+-------+-------+-------+----------------------
         Total | 100.0 | 100.0 | 100.0 |  -nan | 100.0 |  38.3
       Dungeon | 100.0 | 100.0 | 100.0 |  -nan | 100.0 |  38.3
               +-------+-------+-------+-------+-------+----------------------
